Selects Armored Support Battlegroup
Kradschützen Motorcycle Team
Selects Superior Fire Drills
Construct Light Support Kompanie
Construct Mechanized Kompanie
Selects Vehicle Awareness
18-tonne Recovery Half-track
Construct Panzerarmee Kommand
Selects Stuka Anti-tank Loiter
Selects Flammpanzer III Medium Tank
Selects Command Panzer IV F Medium Tank
Command Panzer IV F Medium Tank
Command Panzer IV F Medium Tank
Flammpanzer III Medium Tank